 Dungeon Crawl Stone Soup version 0.31-a0-365-gcf821cafb2 (webtiles) character file.

Game seed: 10507014692137132189

497 lunkers the Martial Artist (level 7, -4/52 HPs)
             Began as a Meteoran Shapeshifter on July 27, 2023.
             Was a Follower of Qazlal.
             Slain by an ogre
             ... wielding a +0 giant club
              (17 damage)
             ... on level 4 of the Dungeon.
             The game lasted 00:05:43 (2213 turns).

lunkers the Martial Artist (Meteoran Shapeshifter)  Turns: 2213, Time: 00:05:43

Health: -4/52      AC:  4    Str: 16    XL:     7   Next: 66%
Magic:  8/8        EV: 13    Int: 10    God:    Qazlal [*.....]
Gold:   145        SH:  1    Dex: 23    Spells: 6/6 levels left

rFire   . .          .
                       - Unarmed
rCold   . . .        (no shield)
rNeg    . . .        n - +0 troll leather armour {Pargi}
rPois   .            (helmet currently unavailable)
rElec   .            (cloak currently unavailable)
rCorr   .            (gloves currently unavailable)
SInv    .            (boots currently unavailable)
Will    .....        (no amulet)
Stlth   +            h - +6 ring of dexterity
HPRegen 1.08/turn    (no ring)
MPRegen 0.11/turn

%: no passive effects
@: beast-form, glowing
A: beast (slay +2), sense surroundings 1, otherworldly, glowing, explore regen
a: Begin Untransformation, Renounce Religion


You were on level 4 of the Dungeon.
You worshipped Qazlal.
Qazlal was aware of your devotion.
You were a hulking beast.
You visited 1 branch of the dungeon, and saw 4 of its levels.
You also visited: Sewer.

You collected 145 gold pieces.

Inventory:

Armour
 a - a +1 animal skin
 n - a +0 troll leather armour (worn) {Pargi}
 w - a +3 leather armour of fire resistance
Jewellery
 g - a ring of ice
 h - a +6 ring of dexterity (left hand)
 s - a +6 ring of intelligence
 t - a +6 ring of dexterity
Talismans
 c - a beast talisman
Wands
 k - a wand of acid (6)
Scrolls
 b - a scroll of torment {unknown}
 i - 4 scrolls of teleportation
 o - a scroll of amnesia
 u - a scroll of fear {unknown}
Potions
 d - a potion of curing
 e - 2 potions of heal wounds
 f - a potion of resistance {unknown}
 j - 2 potions of enlightenment
 l - 2 potions of degeneration
 m - a potion of berserk rage
 q - a potion of might {unknown}
 r - a potion of ambrosia {unknown}


   Skills:
 - Level 1.1 Fighting
 - Level 2.4 Dodging
 * Level 9.5 Unarmed Combat
 - Level 3.6 Shapeshifting


You had 6 spell levels left.
You didn't know any spells.
Your spell library contained the following spells:

 Spells                   Type           Power      Damage    Failure   Level
 Freeze                   Ice            0%         1d3       43%         1
 Magic Dart               Conj           0%         1d3       43%         1
 Blink                    Tloc           0%         N/A       56%         2
 Call Imp                 Summ           0%         N/A       56%         2
 Lesser Beckoning         Tloc           0%         N/A       56%         2
 Momentum Strike          Conj/Tloc      0%         3d8       56%         2
 Frozen Ramparts          Ice            0%         1d1       80%         3
 Hailstorm                Conj/Ice       0%         3d3       80%         3
 Mephitic Cloud           Conj/Pois/Air  0%         N/A       80%         3


Dungeon Overview and Level Annotations

Branches:
Dungeon (4/15) Zot: 298     Sewer (visited)
 Temple: D:4-7

Altars:
Hepliaklqana
Qazlal


Innate Abilities, Weirdness & Mutations

You are a hulking beast.
Your limbs bulge with bestial killing power. (Slay +2)
You passively map a small area around you.
You are easily found by Zot.
You glow in the dark.
You regain HP and MP as you explore.


Message History

Found a glowing kite shield.
A hobgoblin, an endoplasm and a dart slug come into view.
Found 6 gold pieces.
The hobgoblin shouts!
You hear a shout!
An ogre comes into view. It is wielding a +0 giant club.
The endoplasm closely misses you. The endoplasm attacks as you move away!
The endoplasm closely misses you. The hobgoblin misses you.
You punch the endoplasm!
You kill the endoplasm!
Qazlal accepts your kill. The hobgoblin closely misses you.
The dart slug launches a dart at you. The slug dart misses you.
You closely miss the hobgoblin. You punch the hobgoblin.
You kill the hobgoblin!
Qazlal accepts your kill.
You punch the ogre!
The ogre is moderately wounded.
The dart slug bites you.
You hit the ogre. Your punch misses the ogre.
The ogre is moderately wounded.
The ogre hits you with a +0 giant club!!
Ouch! That really hurt!
* * * LOW HITPOINT WARNING * * *
A hound comes into view.
The hound barks!
You barely miss the ogre.
The ogre is moderately wounded.
You hear a shout!
The dart slug closely misses you. The ogre hits you with a +0 giant club!
* * * LOW HITPOINT WARNING * * *
Unknown command.
You hit the ogre.
The ogre is heavily wounded.
Unknown command.
You punch the ogre!
The ogre is severely wounded.
The dart slug closely misses you. The ogre hits you with a +0 giant club!
You die...

#............#
##....#.####
#.....##.....#
#.##...##..
#.....##.....#
#.###..##..
########.....#
#.###..##.. ##....#
#......##..
##..#####....###..##..
#.......+....+........
#...○..##....####....#
#....hw...... * ####..
**#.....O...... ##.
.....h..?....... ##
*.###.....[...... *
#### ,.........$.... *
##... ^####.###.......
##.._. ,,#. .....##*
#..... , #.* .....#
#._.~~ #...P⌠


You could see an ogre, a hound and a dart slug.

Vanquished Creatures
  Duvessa (D:4)
  Pargi (Sewer)
  A scorpion (D:4)
  Dowan (D:4)
  An orc priest (D:3)
  9 adders
  2 worms
  A dart slug (D:3)
  3 orcs (D:3)
  9 bats
  7 endoplasms
  8 giant cockroaches
  6 goblins
  8 hobgoblins
  4 jackals (D:2)
  5 kobolds
  6 ball pythons
  2 frilled lizards (D:2)
  6 rats
81 creatures vanquished.

Notes
Turn   | Place    | Note
-------+----------+-------------------------------------------
     0 | D:1      | lunkers the Meteoran Shapeshifter began the quest for the
                  | Orb.
     0 | D:1      | Reached XP level 1. HP: 16/16 MP: 2/2
    86 | D:1      | Reached skill level 4 in Unarmed Combat
   144 | D:1      | Reached XP level 2. HP: 23/23 MP: 3/3
   328 | D:1      | Reached XP level 3. HP: 8/28 MP: 4/4
   405 | D:2      | Reached skill level 5 in Unarmed Combat
   501 | D:2      | Reached XP level 4. HP: 35/35 MP: 5/5
   727 | D:2      | Reached skill level 6 in Unarmed Combat
   763 | D:2      | Reached XP level 5. HP: 30/40 MP: 6/6
  1381 | D:3      | Reached skill level 7 in Unarmed Combat
  1395 | D:3      | Found a glowing drain.
  1409 | D:3      | Reached XP level 6. HP: 29/47 MP: 7/7
  1420 | Sewer    | Entered a sewer
  1447 | Sewer    | Noticed Pargi
  1457 | Sewer    | Killed Pargi
  1458 | Sewer    | Reached skill level 8 in Unarmed Combat
  1761 | D:4      | Reached XP level 7. HP: 40/52 MP: 8/8
  2031 | D:4      | Found a faded altar of an unknown god.
  2031 | D:4      | Found a hazy altar of Hepliaklqana.
  2033 | D:4      | Found a faded altar of an unknown god.
  2053 | D:4      | Prayed at the altar of an unknown god.
  2053 | D:4      | Became a worshipper of Qazlal Stormbringer
  2053 | D:4      | Reached * piety under Qazlal
  2122 | D:4      | Noticed Duvessa
  2123 | D:4      | Noticed Dowan
  2132 | D:4      | Killed Duvessa
  2133 | D:4      | Reached skill level 9 in Unarmed Combat
  2140 | D:4      | Killed Dowan
  2213 | D:4      | Slain by an ogre

Illustrated notes

Levels and vault maps discovered:
D:1:      psy_arrival_radial01, layout_rooms
D:2:      layout_loops_ring, serial_co_window_serial,
          co_window_of_opportunity_a, co_window_paths_a,
          co_window_of_opportunity_a, co_window_of_opportunity_a,
          co_window_corner_a, co_window_paths_a, co_window_of_opportunity_a,
          co_window_2corner, co_window_broadway_a, co_window_broadway_b,
          co_window_paths_c, co_window_of_opportunity_c, co_window_cross_2,
          co_window_2corner, glass_columns_a, glass_columns_c
D:3:      layout_loops_cross, gup_sewer_entry_glass
D:4:      layout_basic, grunt_temple_overflow_holy_war, lemuel_tele_altar,
          nicolae_hepliaklqana_ecumenical_no_more, uniq_duvessa

Skill      XL: |  1  2  3  4  5  6  7 |
---------------+----------------------+-----
Unarmed Combat | 4 5 6 7 8 9 |  9.5
Fighting       | |  1.1
Dodging        | |  2.4
Shapeshifting  | |  3.6

Action                     |  1- 3 |  4- 6 |  7- 9 || total
---------------------------+-------+-------+-------++-------
  Melee: Unarmed           |    51 |   133 |    33 ||   217
         Punch             |     2 |     3 |     2 ||     7
  Evoke: Wand              |       |     5 |       ||     5
    Use: Scroll            |     1 |     6 |     4 ||    11
         Potion            |       |       |     1 ||     1
 Armour: Animal skin       |    11 |    23 |       ||    34
         Troll leather arm |       |     4 |     1 ||     5
         Skin              |       |       |    14 ||    14
  Dodge: Dodged            |    27 |    81 |    17 ||   125

Table legend: (Time is in decaauts)
 A = Elapsed time spent in this place.
 B = Non-inter-level travel time spent in this place.
 C = Inter-level travel time spent in this place.
 D = Time resting spent in this place.
 E = Time spent auto-exploring this place.
 F = Levels seen in this place.
 G = Mean time per level.
                   A        B        C        D        E       F      G
               +--------+--------+--------+--------+--------+-----+--------+
         Total |   2188 |   2134 |     54 |     30 |   1352 |   5 |  437.6 |
       Dungeon |   2100 |   2046 |     54 |     30 |   1309 |   4 |  525.0 |
         Sewer |     88 |     88 |      0 |      0 |     43 |   1 |   88.0 |
               +--------+--------+--------+--------+--------+-----+--------+

Top non-repeatable levels by time:
     D:2: 695 daAuts
     D:4: 515 daAuts
     D:3: 497 daAuts
     D:1: 393 daAuts
   Sewer: 88 daAuts
